TOP OF THE 1ST |
Chicago Cubs batting - Pitching for Los Angeles Dodgers : RHP Mike Foltynewicz
|
Pitching: RHP Mike Foltynewicz
|
|
Batting: SHB Yoan Moncada
|
0-0: Ball 1-0: Foul Ball, location: 2F 1-1: Foul Ball, location: 2F 1-2: Ball 2-2: Strikes out swinging
|
Batting: RHB Paul DeJong
|
0-0: Ball 1-0: SOLO HOME RUN (Flyball, 78XD), Distance : 382 ft
|
Batting: LHB Cody Bellinger
|
0-0: Foul Ball, location: 2F 0-1: Called Strike 0-2: Strikes out swinging
|
Batting: RHB Justin Upton
|
0-0: Ball 1-0: Ball 2-0: Fly out, F6 (Popup, 6)
|
Top of the 1st over - 1 run, 1 hit, 0 errors, 0 left on base; Chicago 1 - Los Angeles 0 |
BOTTOM OF THE 1ST |
Los Angeles Dodgers batting - Pitching for Chicago Cubs : RHP Brent Honeywell
|
Pitching: RHP Brent Honeywell
|
|
Batting: RHB Mookie Betts
|
0-0: Ball 1-0: Called Strike 1-1: Called Strike 1-2: Foul Ball, location: 2F 1-2: Foul Ball, location: 2F 1-2: DOUBLE (Flyball, 78XD)
|
Batting: RHB Jose Peraza
|
0-0: Fly out, F8 (Flyball, 78D)
|
Batting: RHB Josh Donaldson
|
0-0: Ball 1-0: Ball 2-0: Fly out, F8 (Line Drive, 8RM)
|
Batting: RHB Randal Grichuk
|
0-0: Ball 1-0: Foul Ball, location: 2F 1-1: Foul Ball, location: 2F 1-2: Ball 2-2: Strikes out looking
|
Bottom of the 1st over - 0 runs, 1 hit, 0 errors, 1 left on base; Chicago 1 - Los Angeles 0 |
TOP OF THE 2ND |
Chicago Cubs batting - Pitching for Los Angeles Dodgers : RHP Mike Foltynewicz
|
Batting: RHB Willson Contreras
|
0-0: Swinging Strike 0-1: Swinging Strike 0-2: Strikes out swinging
|
Batting: RHB Stephen Piscotty
|
0-0: Ball 1-0: Called Strike 1-1: Swinging Strike 1-2: Foul Ball, location: 2F 1-2: Strikes out swinging
|
Batting: RHB Zack Cozart
|
0-0: Called Strike 0-1: Ball 1-1: Foul Ball, location: 2F 1-2: Ball 2-2: Ball 3-2: Fly out, F9 (Flyball, 9)
|
Top of the 2nd over - 0 runs, 0 hits, 0 errors, 0 left on base; Chicago 1 - Los Angeles 0 |
BOTTOM OF THE 2ND |
Los Angeles Dodgers batting - Pitching for Chicago Cubs : RHP Brent Honeywell
|
Batting: SHB Justin Smoak
|
0-0: Called Strike 0-1: Ball 1-1: Ball 2-1: Ball 3-1: Ground out 4-3 (Groundball, 4)
|
Batting: RHB Jonathan Schoop
|
0-0: Foul Ball, location: 2F 0-1: Swinging Strike 0-2: Strikes out looking
|
Batting: LHB Brett Gardner
|
0-0: Called Strike 0-1: Ball 1-1: Swinging Strike 1-2: SINGLE (Groundball, 4D)
|
Batting: RHB Evan Gattis
|
0-0: Called Strike 0-1: Called Strike 0-2: Foul Ball, location: 2F 0-2: Foul Ball, location: 2F 0-2: Foul Ball, location: 2F 0-2: Ball 1-2: Fielders Choice at 2nd, 5-4 (Groundball, 56)
|
Bottom of the 2nd over - 0 runs, 1 hit, 0 errors, 1 left on base; Chicago 1 - Los Angeles 0 |
TOP OF THE 3RD |
Chicago Cubs batting - Pitching for Los Angeles Dodgers : RHP Mike Foltynewicz
|
Batting: RHB Michael A. Taylor
|
0-0: Ball 1-0: Reached via error on a dropped throw from SS, E3 (Groundball, 6S)
|
Batting: RHB Brent Honeywell
|
0-0: Sac Bunt to P - play at first, batter OUT! 1-4 Michael A. Taylor to second
|
Batting: SHB Yoan Moncada
|
0-0: Ball 1-0: Called Strike 1-1: Ball 2-1: Foul Ball, location: 2F 2-2: Foul Ball, location: 2F 2-2: Ball 3-2: Strikes out swinging
|
Batting: RHB Paul DeJong
|
0-0: Ball 1-0: Swinging Strike 1-1: Ball 2-1: Foul Ball, location: 2F 2-2: Foul Ball, location: 2F 2-2: Strikes out swinging
|
Top of the 3rd over - 0 runs, 0 hits, 1 error, 1 left on base; Chicago 1 - Los Angeles 0 |
BOTTOM OF THE 3RD |
Los Angeles Dodgers batting - Pitching for Chicago Cubs : RHP Brent Honeywell
|
Batting: RHB Mike Foltynewicz
|
0-0: SINGLE (Line Drive, 4MD)
|
Batting: RHB Mookie Betts
|
0-0: Swinging Strike 0-1: Ball 1-1: Ball 2-1: Foul Ball, location: 2F 2-2: Ball 3-2: Fly out, F2 (Popup, 5SF)
|
Batting: RHB Jose Peraza
|
0-0: Called Strike 0-1: Foul Ball, location: 2F 0-2: Ball 1-2: Ball 2-2: Strikes out swinging
|
Batting: RHB Josh Donaldson
|
0-0: Ball 1-0: Ball 2-0: Called Strike 2-1: SINGLE (Line Drive, 8RS) Mike Foltynewicz to second
|
Batting: RHB Randal Grichuk
|
0-0: Ball 1-0: Called Strike 1-1: Ball 2-1: Ball 3-1: Fly out, F2 (Popup, 2LF)
|
Bottom of the 3rd over - 0 runs, 2 hits, 0 errors, 2 left on base; Chicago 1 - Los Angeles 0 |
TOP OF THE 4TH |
Chicago Cubs batting - Pitching for Los Angeles Dodgers : RHP Mike Foltynewicz
|
Batting: LHB Cody Bellinger
|
0-0: Called Strike 0-1: Called Strike 0-2: Ball 1-2: Ball 2-2: Ground out 4-3 (Groundball, 4)
|
Batting: RHB Justin Upton
|
0-0: Ball 1-0: Foul Ball, location: 2F 1-1: Ball 2-1: Ball 3-1: Called Strike 3-2: Strikes out swinging
|
Batting: RHB Willson Contreras
|
0-0: Ball 1-0: Ball 2-0: Ball 3-0: Base on Balls
|
Batting: RHB Stephen Piscotty
|
0-0: Called Strike 0-1: Ball 1-1: Ball 2-1: Ball 3-1: Fly out, F6 (Line Drive, 6)
|
Top of the 4th over - 0 runs, 0 hits, 0 errors, 1 left on base; Chicago 1 - Los Angeles 0 |
BOTTOM OF THE 4TH |
Los Angeles Dodgers batting - Pitching for Chicago Cubs : RHP Brent Honeywell
|
Batting: SHB Justin Smoak
|
0-0: Foul Ball, location: 2F 0-1: Foul Ball, location: 2F 0-2: Ball 1-2: Ground out 4-3 (Groundball, 34D)
|
Batting: RHB Jonathan Schoop
|
0-0: Fly out, F7 (Flyball, 7S)
|
Batting: LHB Brett Gardner
|
0-0: Ball 1-0: Ball 2-0: Ground out 4-3 (Groundball, 4)
|
Bottom of the 4th over - 0 runs, 0 hits, 0 errors, 0 left on base; Chicago 1 - Los Angeles 0 |
TOP OF THE 5TH |
Chicago Cubs batting - Pitching for Los Angeles Dodgers : RHP Mike Foltynewicz
|
Batting: RHB Zack Cozart
|
0-0: Ball 1-0: Ball 2-0: Called Strike 2-1: Ball 3-1: Fly out, F8 (Flyball, 8RD)
|
Batting: RHB Michael A. Taylor
|
0-0: Ball 1-0: Ball 2-0: Ball 3-0: Base on Balls
|
Batting: RHB Brent Honeywell
|
0-0: Sac Bunt to P - play at first, batter OUT! 1-4 Michael A. Taylor to second
|
Batting: SHB Yoan Moncada
|
0-0: Ball 1-0: Ball 2-0: Foul Ball, location: 2F 2-1: Ground out U3 (Groundball, 34S)
|
Top of the 5th over - 0 runs, 0 hits, 0 errors, 1 left on base; Chicago 1 - Los Angeles 0 |
BOTTOM OF THE 5TH |
Los Angeles Dodgers batting - Pitching for Chicago Cubs : RHP Brent Honeywell
|
Batting: RHB Evan Gattis
|
0-0: Swinging Strike 0-1: Foul Ball, location: 2F 0-2: Ball 1-2: Ground out 5-3 (Groundball, 5)
|
Batting: RHB Mike Foltynewicz
|
0-0: Ball 1-0: Foul Ball, location: 2F 1-1: Ball 2-1: Foul Ball, location: 2F 2-2: Foul Ball, location: 2F 2-2: Ground out 6-3 (Groundball, 6S)
|
Batting: RHB Mookie Betts
|
0-0: Foul Ball, location: 2F 0-1: Foul Ball, location: 2F 0-2: Strikes out looking
|
Bottom of the 5th over - 0 runs, 0 hits, 0 errors, 0 left on base; Chicago 1 - Los Angeles 0 |
TOP OF THE 6TH |
Chicago Cubs batting - Pitching for Los Angeles Dodgers : RHP Mike Foltynewicz
|
Batting: RHB Paul DeJong
|
0-0: Ball 1-0: Ball 2-0: Fly out, F7 (Flyball, 78S)
|
Batting: LHB Cody Bellinger
|
0-0: Called Strike 0-1: Ball 1-1: Foul Ball, location: 2F 1-2: Strikes out looking
|
Batting: RHB Justin Upton
|
0-0: Ball 1-0: Foul Ball, location: 2F 1-1: Called Strike 1-2: Fly out, F8 (Flyball, 8RS)
|
Top of the 6th over - 0 runs, 0 hits, 0 errors, 0 left on base; Chicago 1 - Los Angeles 0 |
BOTTOM OF THE 6TH |
Los Angeles Dodgers batting - Pitching for Chicago Cubs : RHP Brent Honeywell
|
Batting: RHB Jose Peraza
|
0-0: Ball 1-0: Ball 2-0: Fly out, F8 (Line Drive, 8RM)
|
Batting: RHB Josh Donaldson
|
0-0: Ball 1-0: Swinging Strike 1-1: Ball 2-1: Fly out, F8 (Flyball, 8RXD)
|
Batting: RHB Randal Grichuk
|
0-0: Called Strike 0-1: Ball 1-1: Ball 2-1: Ball 3-1: Called Strike 3-2: DOUBLE (Line Drive, 9LM)
|
Batting: SHB Justin Smoak
|
0-0: Foul Ball, location: 2F 0-1: Foul Ball, location: 2F 0-2: Fly out, F9 (Flyball, 89S)
|
Bottom of the 6th over - 0 runs, 1 hit, 0 errors, 1 left on base; Chicago 1 - Los Angeles 0 |
TOP OF THE 7TH |
Chicago Cubs batting - Pitching for Los Angeles Dodgers : RHP Mike Foltynewicz
|
Pitching: RHP Jacob Barnes
|
|
Batting: RHB Willson Contreras
|
0-0: Ground out 4-3 (Groundball, 4)
|
Batting: RHB Stephen Piscotty
|
0-0: Swinging Strike 0-1: Ground out 4-3 (Groundball, 4)
|
Batting: RHB Zack Cozart
|
0-0: Called Strike 0-1: Foul Ball, location: 2F 0-2: Strikes out looking
|
Top of the 7th over - 0 runs, 0 hits, 0 errors, 0 left on base; Chicago 1 - Los Angeles 0 |
BOTTOM OF THE 7TH |
Los Angeles Dodgers batting - Pitching for Chicago Cubs : RHP Brent Honeywell
|
Batting: RHB Jonathan Schoop
|
0-0: Ball 1-0: Foul Ball, location: 2F 1-1: Ground out 5-3 (Groundball, 56S)
|
Batting: LHB Brett Gardner
|
0-0: Ball 1-0: Ball 2-0: Foul Ball, location: 2F 2-1: Ball 3-1: Called Strike 3-2: Ground out 4-3 (Groundball, 34D)
|
Batting: RHB Evan Gattis
|
0-0: Called Strike 0-1: Ball 1-1: Foul Ball, location: 2F 1-2: Ball 2-2: Foul Ball, location: 2F 2-2: Ground out 5-3 (Groundball, 5)
|
Bottom of the 7th over - 0 runs, 0 hits, 0 errors, 0 left on base; Chicago 1 - Los Angeles 0 |
TOP OF THE 8TH |
Chicago Cubs batting - Pitching for Los Angeles Dodgers : RHP Jacob Barnes
|
Batting: RHB Michael A. Taylor
|
0-0: Ball 1-0: Called Strike 1-1: Ball 2-1: SINGLE (Groundball, 6D)
|
Pinch Hitting: RHB Jedd Gyorko
|
0-0: Ball 1-0: Called Strike 1-1: Swinging Strike 1-2: Foul Ball, location: 2F 1-2: Ball 2-2: Strikes out looking
|
Batting: SHB Yoan Moncada
|
0-0: Ball 1-0: Foul Ball, location: 2F 1-1: Ball 2-1: Called Strike 2-2: Ball 3-2: Base on Balls Michael A. Taylor to second
|
Batting: RHB Paul DeJong
|
0-0: Ball Michael A. Taylor steals 3rd base Yoan Moncada to second 1-0: Called Strike 1-1: Foul Ball, location: 2F 1-2: DOUBLE (Groundball, 5L) Michael A. Taylor scores Yoan Moncada scores
|
Batting: LHB Cody Bellinger
|
0-0: Intentional Walk
|
Pitching: RHP Phil Maton
|
|
Batting: RHB Justin Upton
|
0-0: Ball 1-0: SINGLE (Flyball, 6D) Paul DeJong to third Cody Bellinger to second
|
Batting: RHB Willson Contreras
|
0-0: Swinging Strike 0-1: Ball 1-1: Called Strike 1-2: SINGLE (Line Drive, 6D) Paul DeJong scores Cody Bellinger to third Justin Upton to second
|
Batting: RHB Stephen Piscotty
|
0-0: Called Strike 0-1: Swinging Strike 0-2: Ball 1-2: Strikes out swinging
|
Batting: RHB Zack Cozart
|
0-0: Ball 1-0: SINGLE (Groundball, 6MD) Cody Bellinger scores Justin Upton to third Willson Contreras to second Runner from 3rd tries for Home, SAFE, throw by CF to home
|
Batting: RHB Michael A. Taylor
|
0-0: Foul Ball, location: 2F 0-1: Foul Ball, location: 2F 0-2: Ball 1-2: Ball 2-2: SINGLE (Line Drive, 7S) Willson Contreras to third Zack Cozart to second Runner from 3rd tries for Home, SAFE, throw by LF to home
|
Batting: RHB Jedd Gyorko
|
0-0: Called Strike 0-1: Ball 1-1: Foul Ball, location: 2F 1-2: Strikes out swinging
|
Top of the 8th over - 6 runs, 6 hits, 0 errors, 2 left on base; Chicago 7 - Los Angeles 0 |
BOTTOM OF THE 8TH |
Los Angeles Dodgers batting - Pitching for Chicago Cubs : RHP Brent Honeywell
|
Pitching: RHP Giovanny Gallegos
|
|
Pinch Hitting: SHB Wilmer Difo
|
0-0: Called Strike 0-1: Foul Ball, location: 2F 0-2: Ball 1-2: Foul Ball, location: 2F 1-2: Strikes out swinging
|
Batting: RHB Mookie Betts
|
0-0: Called Strike 0-1: Ball 1-1: Ball 2-1: Ground out 5-3 (Groundball, 56S)
|
Batting: RHB Jose Peraza
|
0-0: Called Strike 0-1: Ball 1-1: Ball 2-1: Foul Ball, location: 2F 2-2: Foul Ball, location: 2F 2-2: Ground out 4-3 (Groundball, 4)
|
Bottom of the 8th over - 0 runs, 0 hits, 0 errors, 0 left on base; Chicago 7 - Los Angeles 0 |
TOP OF THE 9TH |
Chicago Cubs batting - Pitching for Los Angeles Dodgers : RHP Phil Maton
|
Pitching: RHP Cody Allen
|
|
Batting: SHB Yoan Moncada
|
0-0: Ball 1-0: Called Strike 1-1: Swinging Strike 1-2: Ball 2-2: Fly out, F8 (Flyball, 8RM)
|
Batting: RHB Paul DeJong
|
0-0: SINGLE (Groundball, 56D)
|
Batting: LHB Cody Bellinger
|
0-0: Ball 1-0: Swinging Strike 1-1: Ball 2-1: Foul Ball, location: 2F 2-2: Ball 3-2: Foul Ball, location: 2F 3-2: Foul Ball, location: 2F 3-2: Foul Ball, location: 2F 3-2: Foul Ball, location: 2F 3-2: Foul Ball, location: 2F 3-2: Base on Balls Paul DeJong to second
|
Pinch Hitting: LHB Jason Castro
|
0-0: Called Strike 0-1: Ball 1-1: Ball 2-1: Swinging Strike 2-2: Foul Ball, location: 2F 2-2: Strikes out swinging
|
Batting: RHB Willson Contreras
|
0-0: Ball 1-0: Called Strike 1-1: Swinging Strike 1-2: Foul Ball, location: 2F 1-2: Ball 2-2: Ball 3-2: Foul Ball, location: 2F 3-2: Fly out, F8 (Flyball, 8LS)
|
Top of the 9th over - 0 runs, 1 hit, 0 errors, 2 left on base; Chicago 7 - Los Angeles 0 |
BOTTOM OF THE 9TH |
Los Angeles Dodgers batting - Pitching for Chicago Cubs : RHP Giovanny Gallegos
|
Now at 1B: Jason Castro
|
|
Batting: RHB Josh Donaldson
|
0-0: Foul Ball, location: 2F 0-1: Foul Ball, location: 2F 0-2: Ball 1-2: Fly out, F9 (Flyball, 89S)
|
Batting: RHB Randal Grichuk
|
0-0: Ball 1-0: Called Strike 1-1: Ball 2-1: Called Strike 2-2: Ball 3-2: Strikes out swinging
|
Batting: SHB Justin Smoak
|
0-0: Ball 1-0: Called Strike 1-1: Swinging Strike 1-2: Foul Ball, location: 2F 1-2: Strikes out swinging
|
Bottom of the 9th over - 0 runs, 0 hits, 0 errors, 0 left on base; Chicago 7 - Los Angeles 0 |
|